 Dungeon Crawl Stone Soup version 0.23.0 (webtiles) character file.

Game seed: 9016015834879333489

587 IcyTea the Carver (level 7, -1/57 HPs)
             Began as a Minotaur Fighter on Feb 8, 2019.
             Killed by nerve-wracking pain
             ... invoked by Grinder
              (5 damage)
             ... on level 5 of the Dungeon.
             The game lasted 00:11:19 (4099 turns).

IcyTea the Carver (Minotaur Fighter)                Turns: 4099, Time: 00:11:19

Health: -1/57      AC:  9    Str: 27    XL:     7   Next: 15%
Magic:  6/6        EV:  6    Int:  6    God:
Gold:   339        SH: 10    Dex:  9    Spells: 3/6 levels left

rFire    . . .     SeeInvis .   a - +0 long sword
rCold    . . .     Gourm    .   c - +0 shield
rNeg     . . .     Faith    .   l - +0 chain mail
rPois    .         Spirit   .   (helmet restricted)
rElec    .         Reflect  .   (no cloak)
rCorr    .         Harm     .   (no gloves)
MR       .....                  (no boots)
Stlth    ..........             r - amulet of magic regeneration
HPRegen  0.19/turn              (no ring)
MPRegen  0.35/turn              (no ring)

@: mighty
A: retaliatory headbutt, horns 2
a: no special abilities


You were on level 5 of the Dungeon.
You were not hungry.

You visited 1 branch of the dungeon, and saw 6 of its levels.

You collected 339 gold pieces.

Inventory:

Hand Weapons
 a - a +0 long sword (weapon)
 s - a +2 dagger of draining
Missiles
 p - 8 tomahawks (quivered)
Armour
 c - a +0 shield (worn)
 l - a +0 chain mail (worn)
Jewellery
 i - a +2 amulet of reflection {unknown}
 r - an amulet of magic regeneration (around neck)
Scrolls
 b - a scroll of blinking
 e - 3 scrolls of magic mapping
 g - 2 scrolls of remove curse
 m - a scroll of enchant weapon
 n - a scroll of amnesia
Potions
 h - a potion of berserk rage {unknown}
 j - a potion of heal wounds {unknown}
 k - a potion of flight
 o - a potion of brilliance {unknown}
Comestibles
 f - 14 rations


   Skills:
 - Level 3.6 Fighting
 + Level 9.5 Long Blades
 - Level 3.6 Armour
 - Level 3.6 Shields


You had 3 spell levels left.
You knew the following spells:

 Your Spells              Type           Power        Failure   Level  Hunger
a - Confuse               Hex            #.......     100%        3    ####...

Your spell library contained the following spells:

 Spells                   Type           Power        Failure   Level  Hunger
 Confusing Touch          Hex            #.....       100%        1    ##.....
 Gell's Gravitas          Tloc           #.........   100%        3    ####...
 Petrify                  Tmut/Erth      #.......     100%        4    #####..
 Metabolic Englaciation   Hex/Ice        #.........   100%        5    ######.
 Yara's Violent Unravell  Hex/Tmut       #.........   100%        5    ######.


Dungeon Overview and Level Annotations

Branches:
Dungeon (6/15)
 Temple: D:4-7

Altars:

Annotations:
D:3 2 transporters
D:5 Grinder


Innate Abilities, Weirdness & Mutations

You reflexively headbutt those who attack you in melee.
You have a pair of horns on your head.


Message History

You miss the frilled lizard.
Your headbutt misses the frilled lizard.
The frilled lizard hisses.
The frilled lizard barely misses you. You furiously retaliate!
You headbutt the frilled lizard!!
You kill the frilled lizard!
Grinder gestures at you. You resist with significant effort.
You block the adder's attack.
You completely miss the adder. You block the adder's attack.
You slash the adder!
You kill the adder!
Grinder hits you.
* * * LOW HITPOINT WARNING * * *
You writhe in agony.
* * * LOW HITPOINT WARNING * * *
You slash Grinder!
Grinder is moderately wounded.
Grinder gestures at you. Pain shoots through your body!
You die...

........####.###.....#.# #.##.#
......................÷##+#....#
.......######.##..............#
.......# #..#..............#
###+#### .#.#..............#
..+................#
...#...##...........#
#+#.##†5##.#........[### #.
#.@...#............ #
########.5......... #######.#
#.............. (.......#
#.####'#####... ##........ # #.#
... ......... #.# ... #..5.....
... .. #<....... #...###....


You could see Grinder.

Vanquished Creatures
  A centaur (D:4)
  2 jellies
  2 scorpions (D:4)
  2 howler monkeys
  2 orc priests
  An iguana (D:5)
  A worker ant zombie (D:5)
  5 adders
  A worm (D:2)
  2 dart slugs
  A leopard gecko (D:2)
  11 orcs
  2 ball pythons (D:1)
  5 giant cockroaches
  10 goblins
  7 hobgoblins
  12 jackals
  2 quokkas
  7 bats
  9 frilled lizards
  A jackal zombie (D:5)
  10 kobolds
  A quokka zombie (D:5)
  10 rats
107 creatures vanquished.

Notes
Turn   | Place    | Note
-------+----------+-------------------------------------------
     0 | D:1      | IcyTea the Minotaur Fighter began the quest for the Orb.
     0 | D:1      | Reached XP level 1. HP: 19/19 MP: 0/0
    51 | D:1      | Reached skill level 3 in Long Blades
   149 | D:1      | Reached XP level 2. HP: 14/26 MP: 1/1
   432 | D:1      | Reached skill level 4 in Long Blades
   707 | D:1      | Reached XP level 3. HP: 29/31 MP: 2/2
  1258 | D:2      | Reached skill level 5 in Long Blades
  1378 | D:2      | Reached XP level 4. HP: 34/39 MP: 3/3
  1435 | D:2      | You fall through a shaft for 2 floors!
  1524 | D:4      | Noticed a centaur
  1536 | D:4      | Killed a centaur
  1536 | D:4      | Reached skill level 6 in Long Blades
  1536 | D:4      | Reached XP level 5. HP: 14/45 MP: 4/4
  1836 | D:3      | Found a transporter.
  1857 | D:3      | Found a transporter.
  2199 | D:2      | Learned a level 3 spell: Confuse
  2329 | D:3      | Reached skill level 7 in Long Blades
  2907 | D:4      | Reached XP level 6. HP: 45/51 MP: 5/5
  3355 | D:4      | Reached skill level 8 in Long Blades
  3652 | D:5      | Entered Level 5 of the Dungeon
  3924 | D:5      | Noticed Grinder
  3924 | D:5      | Paralysed by Grinder for 4 turns
  4001 | D:5      | Reached skill level 9 in Long Blades
  4077 | D:6      | Reached XP level 7. HP: 19/57 MP: 6/6
  4099 | D:5      | Killed from afar by Grinder

Skill      XL: |  1  2  3  4  5  6 |
---------------+-------------------+-----
Long Blades    | 3 4 5 6 7 9 |  9.5
Fighting       | |  3.6
Armour         | |  3.6
Shields        | |  3.6

Action                   |  1- 3 |  4- 6 |  7- 9 || total
-------------------------+-------+-------+-------++-------
Melee: Long sword        |   113 |   158 |    16 ||   287
       Headbutt          |    17 |    19 |     3 ||    39
  Use: Scroll            |     1 |     9 |     1 ||    11
       Potion            |       |     1 |     1 ||     2
  Eat: Chunk             |     2 |     8 |       ||    10
Armor: Scale mail        |    73 |     6 |       ||    79
       Chain mail        |       |    83 |    15 ||    98
Dodge: Dodged            |    29 |    33 |     6 ||    68
Block: Shield            |    60 |    91 |    12 ||   163
       Rpst.: Long sword |     7 |     8 |     2 ||    17
